 Dungeon Crawl Stone Soup version 0.30.0-19-g36f170ea60 (webtiles) character file.

Game seed: 14484994173686045491

88 monsoonserge the Conjurer (level 4, -1/25 (27) HPs)
             Began as a Gargoyle Reaver on May 29, 2023.
             Slain by an orc
             ... wielding a +0 hand axe
              (5 damage)
             ... on level 3 of the Dungeon.
             The game lasted 00:08:22 (2907 turns).

monsoonserge the Conjurer (Gargoyle Reaver)         Turns: 2907, Time: 00:08:22

HP:   -1/25 (27)    AC:  6    Str: 23    XL:     4   Next: 54%
MP:   7/7           EV: 11    Int: 14    God:
Gold: 199           SH:  0    Dex:  8    Spells: 1/7 levels left

rFire   . . .        a - +0 mace
rCold   . . .        (no shield)
rNeg    + . .        b - +0 leather armour
rPois   ∞            (no helmet)
rElec   +            (no cloak)
rCorr   .            (no gloves)
SInv    .            (no boots)
Will    .....        (no amulet)
Stlth   +            o - +6 ring of strength
HPRegen 0.24/turn    p - ring of wizardry
MPRegen 0.10/turn

%: wizardry (x1)
@: about to teleport, drained
A: sickness immunity, AC +3, negative energy resistance 1, electricity
resistance, torment resistance 1, petrification resistance
a: no special abilities


You were on level 3 of the Dungeon.
You visited 1 branch of the dungeon, and saw 4 of its levels.

You collected 199 gold pieces.

Inventory:

Hand Weapons
 a - a +0 mace (weapon)
 l - a +4 sling
 r - a +1 short sword of draining
Missiles
 g - 20 stones
 k - 8 poisoned darts (quivered)
 t - 2 boomerangs
Armour
 b - a +0 leather armour (worn)
 c - a +0 ring mail
 d - a +0 scale mail
Jewellery
 o - a +6 ring of strength (left hand)
 p - a ring of wizardry (right hand)
Scrolls
 e - a scroll of teleportation
 f - 2 scrolls of immolation {unknown}
 j - 2 scrolls of silence {unknown}
 m - a scroll of enchant armour {unknown}
 q - a scroll of vulnerability {unknown}
 s - 2 scrolls of noise {unknown}
Potions
 h - a potion of attraction {unknown}
 i - 2 potions of might {unknown}
 n - 2 potions of cancellation {unknown}
 u - a potion of heal wounds {unknown}


   Skills:
 + Level 2.5 Fighting
 + Level 3.6 Maces & Flails
 * Level 1.5 Armour
 + Level 1.9 Dodging
 + Level 0.1 Stealth
 + Level 2.0 Spellcasting
 + Level 3.6 Conjurations
 - Level 1.0 Necromancy
 - Level 1.0 Translocations
 * Level 0.3 Ice Magic


You had one spell level left.
You knew the following spells:

 Your Spells              Type           Power      Damage    Failure   Level
a - Kiss of Death         Conj/Necr      28%        2d7       4%          1
b - Momentum Strike       Conj/Tloc      14%        3d8       6%          2
c - Hailstorm             Conj/Ice       6%         3d4       16%         3

Your spell library contained the following spells:

 Spells                   Type           Power      Damage    Failure   Level
 Lesser Beckoning         Tloc           8%         N/A       11%         2
 Wereblood                Tmut           1%         N/A       16%         2
 Gell's Gravitas          Tloc           4%         N/A       21%         3
 Teleport Other           Tloc           4%         N/A       21%         3
 Animate Armour           Summ/Erth      2%         N/A       69%         4
 Blade Hands              Tmut           0%         N/A       95%         5
 Iron Shot                Conj/Erth      3%         9d2       100%        6
 Summon Hydra             Summ           0%         N/A       100%        7
 Sublimation of Blood     Necr           Unusable   N/A       N/A         2

Dungeon Overview and Level Annotations

Branches:
Dungeon (4/15)
 Temple: D:4-7

Altars:


Innate Abilities, Weirdness & Mutations

You are immune to sickness and miasma.
Your stone body is resilient. (AC +3)
You are immune to poison.
You resist negative energy. (rN+)
You are resistant to electric shocks. (rElec)
You are resistant to unholy torment.
You are immune to petrification.


Message History

The bat closely misses you. The orc priest barely misses you.
You climb downwards.
There is a stone staircase leading up here.
Unknown command.
You barely miss the orc priest. The bat hits you but does no damage.
The orc priest completely misses you.
You closely miss the orc priest. The bat barely misses you.
The giant cockroach closely misses you.
The orc priest calls down the wrath of Beogh upon you.
You barely resist. The bat barely misses you.
The giant cockroach barely misses you.
You barely miss the orc priest.
The orc priest hits you with a +0 hand axe.
The giant cockroach bites you.
The orc priest hits you with a +0 hand axe.
The bat hits you but does no damage.
You barely miss the orc priest. The bat closely misses you.
The giant cockroach bites you but does no damage.
The orc priest hits you with a +0 hand axe.
The giant cockroach bites you. The bat hits you but does no damage.
The lemure hits you but does no damage. The bat hits you but does no damage.
The orc priest mumbles some strange prayers to Beogh against you.
You barely resist. The giant cockroach closely misses you.
You climb upwards.
The adder misses you. The orc hits you with a +0 hand axe.
The adder misses you.
There is a stone staircase leading down here.
Casting: Kiss of Death (safe; 4% risk of failure)
Confirm with . or Enter, or press ? or * to list all spells.
The spell is quite dangerous to miscast (16% risk of failure)!
Continue anyway?
Casting: Hailstorm (quite dangerous; 16% risk of failure)
Press: ? - help, Dir - look around, f - activate
Okay, then.
Unknown command.
As you read the scroll labelled EKIS JI HYOP, it crumbles to dust.
You feel strangely unstable.
It was a scroll of teleportation.
The lemure hits you.
* * * LOW HITPOINT WARNING * * *
The orc hits you with a +0 hand axe.
You die...

##.##.......###.## .. ...#
...##<#####.# #.# # #.##.####
.........##.###.######. #.......#
...##.##............##.#####.##†#
...##....##.###...........##.##..
...##.##.##>......# #.......####
#..##........####.# ####.####
.........###.####S#.#####.#
#####>#### #.##5@Bo..##...#
#.......# #.##o#o#.###.###
#..#.#..# #.....o.####.####
#..#.#..# #....[o.##......#
#..#....# #.......##.#.##.#
#..##...# #.......##.#.##.#
#.......# #.......##)#..#.#
##......# #.... ..##.##.#.#
####.### #......#


You could see a lemure, an orc priest, an adder, 4 orcs and a giant cockroach.

Vanquished Creatures
  A gnoll (D:1)
  An adder (D:2)
  2 worms (D:2)
  A dart slug (D:3)
  An orc (D:3)
  3 endoplasms
  12 goblins
  5 hobgoblins
  3 jackals (D:1)
  4 kobolds
  2 quokkas
  7 ball pythons
  5 bats
  7 frilled lizards
  7 rats
61 creatures vanquished.

Notes
Turn   | Place    | Note
-------+----------+-------------------------------------------
     0 | D:1      | monsoonserge the Gargoyle Reaver began the quest for the
                  | Orb.
     0 | D:1      | Reached XP level 1. HP: 12/12 MP: 3/3
   197 | D:1      | Reached XP level 2. HP: 18/18 MP: 5/5
   891 | D:1      | Reached XP level 3. HP: 22/22 MP: 6/6
  1023 | D:1      | Reached skill level 1 in Necromancy
  1028 | D:1      | Learned a level 2 spell: Momentum Strike
  1714 | D:2      | Reached skill level 1 in Translocations
  1714 | D:2      | Reached XP level 4. HP: 18/23 MP: 5/7
  1825 | D:2      | Learned a level 3 spell: Hailstorm
  1827 | D:2      | Reached skill level 1 in Armour
  2534 | D:3      | Found a faded altar of an unknown god.
  2900 | D:4      | Noticed a lemure
  2907 | D:3      | Slain by an orc

Illustrated notes

Levels and vault maps discovered:
D:1:      dpeg_arrival_tiny_k, layout_basic
D:2:      kennysheep_the_goblin_king, layout_basic, minmay_quantized
D:3:      layout_loops_cross, shapermc_ecumenical_altar_petra
D:4:      nicolae_BIG_FREAKIN_CUBE, layout_basic,
          nicolae_yredelemnul_corpse_copse, mainiacjoe_overflow_alcove_4,
          uniq_pikel

Skill      XL: |  1  2  3  4 |
---------------+-------------+-----
Necromancy     | 1 |  1.0
Translocations | 1 |  1.0
Armour         | 1 |  1.5
Fighting       | |  2.5
Maces & Flails | |  3.6
Dodging        | |  1.9
Stealth        | |  0.1
Spellcasting   | |  2.0
Conjurations   | |  3.6
Ice Magic      | |  0.3

Action                     |  1- 3 |  4- 6 || total
---------------------------+-------+-------++-------
  Melee: Mace              |   131 |    69 ||   200
         Punch             |     1 |       ||     1
   Cast: Kiss of Death     |     1 |       ||     1
    Use: Potion            |     1 |       ||     1
         Scroll            |       |     1 ||     1
 Armour: Leather armour    |    48 |    28 ||    76
  Dodge: Dodged            |    91 |    48 ||   139
